 Dungeon Crawl Stone Soup version 0.26-a0-111-g8f6dc4e0a5 (webtiles) character file.

Game seed: 8130873526952831550

0 Gargoyl the Skirmisher (level 1, -1/19 HPs)
             Began as a Centaur Abyssal Knight on June 24, 2020.
             Was a Follower of Lugonu.
             Killed from afar by a starcursed mass (7 damage)
             ... with an accursed screaming
             ... on level 3 of the Abyss.
             The game lasted 00:01:04 (252 turns).

Gargoyl the Skirmisher (Centaur Abyssal Knight)      Turns: 252, Time: 00:01:04

Health: -1/19      AC:  6    Str: 14    XL:     1   Next: 0%
Magic:  2/2        EV:  7    Int: 11    God:    Lugonu [*.....]
Gold:   86         SH:  0    Dex:  8    Spells: 0/0 levels left

rFire    . . .     SeeInvis .   a - +1 hand axe
rCold    . . .     Faith    .   (no shield)
rNeg     . . .     Spirit   .   d - +0 scale mail
rPois    .         Reflect  .   (no helmet)
rElec    .         Harm     .   (no cloak)
rCorr    .                      (no gloves)
MR       .....                  (no barding)
Stlth    ..........             (no amulet)
HPRegen  0.06/turn              (no ring)
MPRegen  0.08/turn              (no ring)

@: very quick
A: large, hooves 3, deformed body, speed 2, tough skin 3
a: Depart the Abyss, Renounce Religion


You were on level 3 of the Abyss.
You worshipped Lugonu.
Lugonu was aware of your devotion.
You were not hungry.

You visited 0 branches of the dungeon, and saw 0 of its levels.
You visited the Abyss 1 time.

You collected 86 gold pieces.

Inventory:

Hand Weapons
 a - a +1 hand axe (weapon)
Armour
 d - a +0 scale mail (worn)
Comestibles
 c - a ration


   Skills:
 + Level 3.0 Fighting
 + Level 1.7 Axes
 + Level 1.3 Armour
 + Level 0.6 Dodging
 + Level 2.0 Invocations


You couldn't memorise any spells.
You didn't know any spells.
Your spell library was empty.

Dungeon Overview and Level Annotations

Branches:
Dungeon (0/15)

Altars:


Innate Abilities, Weirdness & Mutations

You have hooves in place of feet.
Armour fits poorly on your strangely shaped body.
You cover ground very quickly.
You have extremely tough skin. (AC +3)


Message History

Magic quickly surges around you.
It was a scroll of vulnerability.
A smoke demon materialises.
The smoke demon roars!
You see here a bardiche.
The smoke demon gestures at you. The ball of steam hits you.
A neqoxec comes into view.
The neqoxec shouts!
You hear a shout!
A large abomination comes into view.
A hell hound comes into view.
A small abomination comes into view.
The hell hound breathes flames at you. The blast of flame hits you!
Ouch! That really hurt!
* * * LOW HITPOINT WARNING * * *
You feel less vulnerable to hostile enchantments.
A starcursed mass comes into view.
The hell hound pauses to sniff the ground.
The starcursed mass shrieks in your mind.
You die...

# ###.#. ..
.. ### #.
...#.#.# ##
..##.##.#..#
# #..#.#.
### #..#h##
#.#.# #..#
#.#.##
#.#@.#
.#..#.#
.#X....#
##.#....#
#.#.#... .
## ##.. .
#.# #. .#


You could see a starcursed mass and a hell hound.

Vanquished Creatures (others)
  2 starspawn tentacles (Abyss:2)
2 creatures vanquished.

Notes
Turn   | Place    | Note
-------+----------+-------------------------------------------
     0 | Abyss:1  | Gargoyl the Centaur Abyssal Knight began the quest for the
                  | Orb.
     0 | Abyss:1  | Reached XP level 1. HP: 19/19 MP: 2/2
    70 | Abyss:2  | Noticed a tentacled starspawn
   103 | Abyss:3  | Noticed a starcursed mass
   115 | Abyss:3  | Noticed a large abomination
   135 | Abyss:3  | Noticed a green very ugly thing
   144 | Abyss:3  | Noticed a small abomination
   144 | Abyss:3  | Noticed an iron imp
   147 | Abyss:3  | Noticed a large abomination
   149 | Abyss:3  | Noticed a green very ugly thing
   199 | Abyss:3  | Noticed a smoke demon
   209 | Abyss:3  | Noticed a neqoxec
   210 | Abyss:3  | Noticed a large abomination
   221 | Abyss:3  | Noticed a hell hound
   228 | Abyss:3  | Noticed a small abomination
   251 | Abyss:3  | Noticed a starcursed mass
   252 | Abyss:3  | Killed from afar by a starcursed mass

Illustrated notes

Levels and vault maps discovered:
Abyss:3:  evilmike_abyss_rune_ettins, minivault_11, minivault_11,
          hangedman_decor_peaks_small, grunt_abyss_rune_wretched_hive,
          hangedman_abyss_rune_flesh_and_stone, lemuel_flamethrower_2,
          evilmike_abyss_rune_ettins

Action                   || total
-------------------------++-------
  Use: Scroll            ||     2

Table legend:
 A = Non-vault XP
 B = Vault XP
 C = Vault XP percentage of total XP
 D = Non-vault monster count
 E = Vault monster count
 F = Vault count percentage of total count
                 A         B        C        D         E       F
            +---------+---------+-------+---------+---------+-------
      Total |       0 |       0 |   N/A |       0 |       0 |  -nan
            +---------+---------+-------+---------+---------+-------
            +---------+---------+-------+---------+---------+-------
